 Dungeon Crawl Stone Soup version 0.23-a0-844-gdc03e01 (webtiles) character file.

106647 tilp the Impaler (level 16, -7/133 HPs)
             Began as a Merfolk Ice Elementalist on Jan 24, 2019.
             Was a High Priest of Makhleb.
             Mangled by a seven-headed hydra (11 damage)
             ... on level 4 of the Swamp on Jan 26, 2019.
             The game lasted 02:44:59 (43797 turns).

tilp the Impaler (Merfolk Ice Elementalist)        Turns: 43797, Time: 02:45:00

Health: -7/133     AC: 18    Str: 11    XL:     16   Next: 44%
Magic:  11/30      EV: 34    Int: 20    God:    Makhleb [*****.]
Gold:   179        SH:  0    Dex: 16    Spells: 8/35 levels left

rFire    + . .     SeeInvis .   A - +1 glaive (flame)
rCold    + . .     Gourm    .   (shield currently unavailable)
rNeg     . . .     Faith    .   i - +2 leather armour {rF+}
rPois    +         Spirit   .   j - +2 helmet
rElec    .         Reflect  .   w - +2 cloak
rCorr    .         Harm     .   o - +2 pair of gloves {Str+3}
MR       +....                  E - +2 pair of boots {Stlth+}
Stlth    +++.......             q - amulet of the acrobat
HPRegen  0.32/turn              H - ring of protection from cold
MPRegen  0.22/turn              X - ring of poison resistance

@: acrobat, very slightly contaminated
A: change form in water, swift swim, stealthy swim
a: Minor Destruction, Lesser Servant of Makhleb, Major Destruction, Greater
Servant of Makhleb, Renounce Religion


You were on level 4 of the Swamp.
You worshipped Makhleb.
Makhleb was extremely pleased with you.
You were hungry.

You visited 4 branches of the dungeon, and saw 26 of its levels.
You also visited: Volcano.

You collected 2754 gold pieces.
You spent 2575 gold pieces at shops.

Inventory:

Hand Weapons
 A - a +1 glaive of flaming (weapon)
 M - a +4 vampiric glaive
Missiles
 v - 2 throwing nets
 y - 50 tomahawks (quivered)
Armour
 i - a +2 leather armour of fire resistance (worn)
 j - a +2 helmet (worn)
 o - a +2 pair of gloves of strength (worn)
 w - a +2 cloak (worn)
 E - a +2 pair of boots of stealth (worn)
Magical Staves
 b - an uncursed staff of cold
Jewellery
 a - an uncursed ring of fire {unknown}
 m - an uncursed ring of protection from fire
 q - an amulet of the acrobat (around neck)
 z - an uncursed ring of flight
 G - an uncursed ring of ice
 H - a ring of protection from cold (left hand)
 X - a ring of poison resistance (right hand)
Wands
 u - a wand of enslavement (14)
 F - a wand of flame (20)
 J - a wand of paralysis (10)
 K - a wand of digging (5)
 R - a wand of polymorph (8)
 V - a wand of clouds (9)
Scrolls
 g - 12 scrolls of remove curse
 h - 3 scrolls of vulnerability
 n - 5 scrolls of teleportation
 s - 3 scrolls of fog
 I - a scroll of enchant armour
 N - a scroll of enchant weapon
 O - a scroll of fear
 P - 12 scrolls of identify
 T - 2 scrolls of amnesia
 W - 2 scrolls of summoning
 Y - 6 scrolls of magic mapping
Potions
 d - a potion of cancellation
 e - 3 potions of resistance
 f - 3 potions of agility
 k - a potion of berserk rage
 l - 4 potions of brilliance
 p - a potion of might
 r - a potion of invisibility
 t - 3 potions of flight
 x - 6 potions of curing
 C - 2 potions of ambrosia
 D - 5 potions of haste
 Q - a potion of heal wounds
 S - 3 potions of lignification
 Z - a potion of mutation
Comestibles
 c - 31 rations
 U - 5 chunks of flesh


   Skills:
 + Level 14.0 Fighting
 - Level 20.0 Polearms
 - Level 5.0 Armour
 - Level 10.0 Dodging
 - Level 2.1 Stealth
 - Level 10.0 Spellcasting
 - Level 2.0 Conjurations
 - Level 15.0 Ice Magic
 - Level 5.0 Invocations
 - Level 4.1 Evocations


You had 8 spell levels left.
You knew the following spells:

 Your Spells              Type           Power        Failure   Level  Hunger
a - Freeze                Ice            ####         1%          1    None
b - Throw Frost           Conj/Ice       #####.       1%          2    None
c - Ozocubu's Armour      Chrm/Ice       #####...     1%          3    None
d - Throw Icicle          Conj/Ice       #####...     2%          4    ##.....
e - Summon Ice Beast      Ice/Summ       #####...     4%          4    ##.....
f - Apportation           Tloc           ##....       9%          1    None
g - Swiftness             Chrm/Air       ##......     13%         2    None
h - Slow                  Hex            ##......     13%         2    None
i - Ensorcelled Hibernat  Hex/Ice        #####.       1%          2    None
j - Conjure Flame         Conj/Fire      ##......     17%         3    None
k - Mephitic Cloud        Conj/Pois/Air  ##......     21%         3    None

Your spell library contained the following spells:

 Spells                   Type           Power        Failure   Level  Hunger
 Ozocubu's Refrigeration  Ice            ######....   2%          6    ######.
 Magic Dart               Conj           ###.         3%          1    None
 Ice Form                 Ice/Tmut       #####...     4%          4    ##.....
 Shock                    Conj/Air       ##..         6%          1    None
 Searing Ray              Conj           ###...       6%          2    None
 Animate Skeleton         Necr           N/A          9%          1    None
 Confusing Touch          Hex            ##....       9%          1    None
 Corona                   Hex            ##.....      9%          1    None
 Sandblast                Erth           ##....       9%          1    None
 Summon Small Mammal      Summ           ##..         9%          1    None
 Metabolic Englaciation   Hex/Ice        #####.....   11%         5    ####...
 Passwall                 Tmut/Erth      ##......     13%         2    None
 Poisonous Vapours        Pois/Air       ##....       13%         2    None
 Dazzling Spray           Conj/Hex       ##....       17%         3    None
 Static Discharge         Conj/Air       ##......     17%         3    None
 Stone Arrow              Conj/Erth      ##....       17%         3    None
 Confuse                  Hex            ##......     26%         3    None
 Inner Flame              Hex/Fire       ##......     26%         3    None
 Portal Projectile        Hex/Tloc       ##....       26%         3    None
 Tukima's Dance           Hex            ##......     26%         3    None
 Iskenderun's Mystic Bla  Conj           ###.....     36%         4    ##.....
 Bolt of Cold             Conj/Ice       #####.....   38%         6    ######.
 Force Lance              Conj/Tloc      ##......     50%         4    ##.....
 Fulminant Prism          Conj/Hex       ##........   50%         4    ##.....
 Simulacrum               Ice/Necr       #####.....   52%         6    ######.
 Airstrike                Air            ##........   65%         4    ##.....
 Cause Fear               Hex            ##........   65%         4    ##.....
 Leda's Liquefaction      Hex/Erth       ##........   65%         4    ##.....
 Petrify                  Tmut/Erth      ##......     65%         4    ##.....
 Freezing Cloud           Conj/Ice/Air   ####......   78%         6    ######.
 Lightning Bolt           Conj/Air       ##........   85%         5    ####...
 Lee's Rapid Deconstruct  Erth           ##........   94%         5    ####...
 Ring of Flames           Chrm/Fire      ##........   100%        7    #######


Dungeon Overview and Level Annotations

Branches:
Dungeon (14/15)            Temple (0/1) D:6            Lair (6/6) D:8
  Swamp (4/4) Lair:4        Snake (0/4) Lair:3        Slime (0/5) Lair:6
    Orc (2/2) D:9             Elf (0/3) Orc:2
 Vaults: D:13-14

Altars:
Ashenzari
Cheibriados
Fedhas
Hepliaklqana
Makhleb
Okawaru
Ru
Uskayaw
Vehumet
Wu Jian
Xom
Beogh

Shops:
D:7 :}   D:8 *   D:13 }   Orc:2 !?[%

Annotations:
D:14 Rupert
Lair:4 exclusion: hydra
Lair:5 Snorg
Lair:6 exclusions: 2 oklob plants and 3 more exclusions
Swamp:4 1 runed door, Low Fent's ghost, journeyman TeAE
Orc:1 v full separate area incl orc warlord + 3 sorcerers
Orc:2 exclusion: upstairs


Message History

The seven-headed hydra stops burning.
The seven-headed hydra is engulfed in a cloud of scalding steam.
You slice one of the 22-headed Lernaean hydra's heads off!
The flame cauterises the wound!
You slash the 21-headed Lernaean hydra! You burn the 21-headed Lernaean hydra.
You kill the 21-headed Lernaean hydra!
Makhleb accepts your kill.
Your Fighting skill increases to level 14!
Your legs become a tail as you enter the water.
Your +2 pair of boots of stealth melds into your body.
You feel less stealthy.
The swamp dragon is engulfed in a cloud of scalding steam.
Your smoke demon gestures at the seven-headed hydra.
The sticky flame misses the seven-headed hydra.
Your +2 pair of boots of stealth unmelds from your body.
You feel stealthy.
The seven-headed hydra is engulfed in a cloud of scalding steam.
The seven-headed hydra completely misses you.
The seven-headed hydra bites you!
You die...

♣♣♣♣§≈♣♣♣ ♣.≈.≈≈.}≈.≈.≈≈#≈
≈..≈≈≈≈.♣♣ ♣♣♣♣.♣..≈..♣≈#≈♣.≈
≈.≈≈≈≈≈≈.♣ ♣≈.≈≈≈..♣≈♣.≈≈.≈[#
♣♣..≈≈≈≈.♣ ♣♣.≈≈≈≈.≈≈≈≈§§≈≈.♣
♣≈≈.≈≈≈♣♣ ♣♣≈≈≈≈≈≈..≈≈≈.≈≈♣♣
♣....♣♣♣♣♣♣♣♣♣♣≈≈.≈≈≈≈≈≈§≈≈.≈♣♣♣
♣♣.....≈≈...≈≈.≈..≈≈≈≈≈≈≈≈...≈♣♣.
♣....≈≈≈.≈.≈≈≈.♣.§≈≈≈..≈≈≈≈.≈.≈♣≈
.≈^.≈≈≈..≈.≈≈≈≈≈@D§§≈≈≈§≈≈≈.≈.≈≈.
≈≈..≈≈≈≈≈≈≈≈≈≈≈≈♣♣♣3§3D§≈≈≈≈.†÷..
≈≈≈.≈≈≈≈≈≈≈....♣♣♣♣≈≈≈≈≈≈≈≈≈...≈♣
≈≈≈≈≈≈≈≈§≈.§♣♣♣♣♣.≈.≈[≈≈≈≈≈..≈÷♣♣
≈≈≈..♣.≈≈≈.♣♣ ♣≈≈≈.≈..≈≈..≈.≈.♣≈
§≈≈≈≈♣♣.≈≈§♣ ♣.≈≈≈.≈.≈≈.≈≈≈.≈.≈
≈§≈≈.♣♣♣≈≈.♣ ♣♣.....≈≈≈.♣..#.♣♣
..≈≈.♣ ♣♣.♣♣♣♣ ♣♣≈.≈≈≈≈.≈......♣
♣♣..≈♣♣♣≈.≈≈≈♣♣ ♣.≈≈≈≈≈≈.≈.≈....#


You could see a seven-headed hydra and a friendly smoke demon.

Vanquished Creatures
  the Lernaean hydra (Swamp:4)
  2 thorn hunters
  An orc warlord (Orc:2)
  A very ugly thing (Swamp:4)
  13 hydras
  A shambling mangrove (Swamp:2)
  2 centaur warriors
  A catoblepas (D:13)
  17 alligators
  6 two-headed ogres
  5 orc high priests (Orc:2)
  3 skeletal warriors (D:13)
  12 swamp dragons
  An unseen horror (D:14)
  3 spriggan druids
  7 orc knights
  A wizard (D:13)
  3 ugly things
  A manticore (D:13)
  3 cyclopes
  An orc sorcerer (Orc:1)
  3 black mambas
  A kobold demonologist (D:13)
  2 gargoyles
  19 spiny frogs
  A rime drake (Lair:5)
  5 komodo dragons
  2 ice devils (D:12)
  8 trolls
  A meliai (D:11)
  6 tyrant leeches
  A polar bear (Lair:4)
  Grinder (D:5)
  2 hornets
  19 slime creatures
  4 bog bodies
  9 blink frogs
  4 hippogriffs
  3 spriggans
  A shadow (Swamp:3)
  30 yaks
  2 wyverns
  A fire elemental (Volcano)
  4 hogs
  2 hungry ghosts
  2 basilisks
  2 humans
  Grum (D:11)
  The ghost of confidenceinterval the Insei, an amateur GnTm (D:3)
  20 vampire mosquitoes
  Menkaure (D:5)
  4 wargs
  12 swamp worms
  6 soldier ants (Lair:2)
  6 water moccasins
  An acid dragon (D:12)
  2 hell hounds (Lair:6)
  35 orc warriors
  9 porcupines
  An ice beast (D:8)
  An eye of draining (D:14)
  5 black bears
  3 phantoms
  13 swamp drakes
  A sky beast (D:12)
  5 centaurs
  11 ogres
  20 wolves
  14 crocodiles
  2 big kobolds
  15 bullfrogs
  A gnoll sergeant (D:7)
  A scorpion (Lair:2)
  A wyvern skeleton (D:10)
  10 howler monkeys
  4 electric eels
  A bullfrog zombie (D:9)
  5 centaur zombies
  6 crimson imps
  32 orc priests
  7 hounds
  3 jellies
  2 centaur skeletons
  4 iguanas
  Terence (D:2)
  24 orc wizards
  29 worker ants
  A killer bee zombie (D:6)
  A hound skeleton (D:5)
  A howler monkey zombie (D:10)
  A worker ant zombie (D:10)
  Robin (D:3)
  7 gnolls
  12 adders
  6 shadow imps
  An ooze (D:3)
  2 adder zombies
  2 adder skeletons
  3 worms (D:3)
  5 dart slugs
  4 leopard geckos
  99 orcs
  4 giant cockroaches
  19 goblins
  18 hobgoblins
  13 jackals
  5 quokkas
  2 ball pythons
  6 bats
  3 frilled lizards
  A jackal skeleton (D:5)
  19 kobolds
  A leopard gecko skeleton (D:5)
  A quokka skeleton (D:6)
  A quokka zombie (D:8)
  5 rats
784 creatures vanquished.

Vanquished Creatures (collateral kills)
  A thorn hunter (Swamp:3)
  Kirke (Swamp:3)
  A hydra (D:12)
  A catoblepas (Lair:4)
  A queen ant (Lair:2)
  2 swamp dragons (Swamp:4)
  A lindwurm (Lair:6)
  An orc knight (Orc:1)
  3 spiny frogs
  A gargoyle (Volcano)
  A centaur skeleton (D:10)
  3 blink frogs (Swamp:4)
  A hippogriff (Lair:6)
  A vampire mosquito (Lair:4)
  2 soldier ants (Lair:2)
  A water moccasin (Lair:1)
  3 orc warriors (Orc:2)
  A crimson imp (D:10)
  3 worker ants (Lair:2)
  An orc (Orc:2)
  A fungus (Lair:4)
31 creatures vanquished.

Vanquished Creatures (others)
  5 humans (Swamp:4)
  An orc (Orc:1)
  13 fungi
  11 plants
30 creatures vanquished.

Grand Total: 845 creatures vanquished

Notes
Turn   | Place    | Note
-------+----------+-------------------------------------------
     0 | D:1      | tilp the Merfolk Ice Elementalist began the quest for the
                  | Orb.
     0 | D:1      | Reached XP level 1. HP: 13/13 MP: 3/3
   677 | D:1      | Reached XP level 2. HP: 19/19 MP: 1/5
   681 | D:1      | Learned a level 2 spell: Throw Frost
  1607 | D:1      | Reached XP level 3. HP: 24/24 MP: 3/6
  1612 | D:1      | Learned a level 3 spell: Ozocubu's Armour
  2725 | D:2      | Reached skill level 5 in Ice Magic
  2774 | D:2      | Found an iron altar of Okawaru.
  2865 | D:2      | Reached XP level 4. HP: 30/30 MP: 3/7
  3249 | D:2      | Noticed Terence
  3286 | D:2      | Killed Terence
  3996 | D:3      | Noticed a two-headed ogre
  3999 | D:3      | Found a transporter.
  3999 | D:3      | Noticed confidenceinterval's ghost (amateur GnTm)
  4005 | D:3      | Found a transporter.
  4025 | D:3      | Reached XP level 5. HP: 18/35 MP: 0/8
  4558 | D:3      | Noticed Robin
  5034 | D:3      | Killed Robin
  5240 | D:3      | Reached XP level 6. HP: 10/41 MP: 0/9
  6397 | D:4      | Found a hazy altar of Hepliaklqana.
  6969 | D:5      | Entered Level 5 of the Dungeon
  7036 | D:5      | Got a fine chain mail
  7037 | D:5      | Identified the cursed +1 chain mail of Sif Muna's Outrage
                  | {rCorr Dex-3 Slay+2} (You found it on level 5 of the
                  | Dungeon)
  7066 | D:5      | Got a warped leather armour
  7109 | D:5      | Reached skill level 3 in Polearms
  7109 | D:5      | Reached XP level 7. HP: 46/46 MP: 2/10
  7256 | D:5      | Reached skill level 4 in Polearms
  7323 | D:5      | Found a burning altar of Makhleb.
  7343 | D:5      | Became a worshipper of Makhleb the Destroyer
  7361 | D:5      | Reached skill level 5 in Polearms
  7609 | D:5      | Identified the +0 leather armour of Panentheism {*Drain
                  | +Blink rElec rC++} (You found it on level 5 of the Dungeon)
  7638 | D:5      | Noticed Menkaure
  7820 | D:5      | Noticed Grinder
  7991 | D:6      | Reached skill level 6 in Polearms
  8013 | D:6      | Found a staircase to the Ecumenical Temple.
  8140 | D:6      | Reached skill level 7 in Polearms
  8466 | D:6      | Reached XP level 8. HP: 44/52 MP: 11/11
  8473 | D:6      | Noticed a troll
  8519 | D:6      | Killed a troll
  8519 | D:6      | Reached skill level 9 in Polearms
  8640 | D:6      | Reached skill level 10 in Polearms
  9118 | D:6      | Reached skill level 11 in Polearms
  9351 | D:6      | Found a snail-covered altar of Cheibriados.
  9355 | D:6      | Found a sacrificial altar of Ru.
  9355 | D:6      | Found a blossoming altar of Fedhas.
  9367 | D:6      | Found a shimmering altar of Xom.
  9371 | D:6      | Found a radiant altar of Vehumet.
  9532 | D:7      | Reached skill level 12 in Polearms
  9582 | D:7      | Reached * piety under Makhleb
  9582 | D:7      | Reached XP level 9. HP: 55/58 MP: 5/12
  9588 | D:7      | Reached skill level 1 in Fighting
  9645 | D:7      | Reached skill level 5 in Dodging
  9783 | D:7      | Found Kaypneh's Gadget Boutique.
  9783 | D:7      | Found Dicaic's Book Shoppe.
 10390 | D:8      | Noticed a two-headed ogre
 10553 | D:8      | Reached skill level 5 in Fighting
 10753 | D:8      | Found a staircase to the Lair.
 11224 | D:8      | Reached XP level 10. HP: 76/76 MP: 13/16
 11494 | D:8      | Found Gogabey's Assorted Antiques.
 11520 | D:8      | Reached skill level 5 in Spellcasting
 11764 | D:8      | Reached ** piety under Makhleb
 12025 | D:8      | Learned a level 1 spell: Apportation
 12179 | D:9      | Found a staircase to the Orcish Mines.
 12242 | D:9      | Found a hide-covered altar of Uskayaw.
 12760 | D:9      | Found a shattered altar of Ashenzari.
 12807 | D:9      | Reached skill level 1 in Conjurations
 12807 | D:9      | Reached skill level 1 in Invocations
 12860 | D:9      | Reached skill level 1 in Evocations
 13318 | D:10     | Entered Level 10 of the Dungeon
 13318 | D:10     | Noticed a gargoyle
 13319 | D:10     | Upgraded the game from 0.23-a0-837-ga3e6480 to
                  | 0.23-a0-839-g6d2b917
 13448 | D:10     | You fall through a shaft for 2 floors!
 13465 | D:11     | Got an iridescent great sword
 13609 | D:11     | Reached skill level 13 in Polearms
 13689 | D:10     | Noticed a cyclops
 13716 | D:10     | Killed a cyclops
 14084 | D:10     | Learned a level 4 spell: Throw Icicle
 14089 | D:10     | Learned a level 4 spell: Summon Ice Beast
 14092 | D:10     | Learned a level 2 spell: Swiftness
 14095 | D:10     | Learned a level 2 spell: Slow
 14232 | D:10     | Reached XP level 11. HP: 35/81 MP: 18/20
 14242 | D:10     | Reached *** piety under Makhleb
 14629 | D:10     | Reached skill level 14 in Polearms
 14937 | D:10     | Identified 2 scrolls of acquirement
 14949 | D:10     | Identified the +4 great sword of Gallantry {speed, rElec
                  | rC+} (You found it on level 11 of the Dungeon)
 14994 | D:10     | Reached skill level 5 in Invocations
 15206 | D:11     | Noticed a two-headed ogre
 15511 | D:11     | Learned a level 2 spell: Ensorcelled Hibernation
 16183 | D:12     | Found an ornate altar of the Wu Jian Council.
 16189 | D:12     | Noticed a cyan ugly thing
 16250 | D:12     | Noticed a cyclops
 16272 | D:12     | Noticed a brown ugly thing
 16343 | D:12     | Noticed a two-headed ogre
 16746 | D:12     | Noticed a six-headed hydra
 16916 | Lair:1   | Entered Level 1 of the Lair of Beasts
 18132 | Lair:2   | Learned a level 3 spell: Conjure Flame
 18141 | Lair:2   | Noticed a six-headed hydra
 18596 | Lair:2   | Reached skill level 10 in Ice Magic
 19057 | Lair:2   | Reached **** piety under Makhleb
 19149 | Lair:2   | Noticed a queen ant
 19302 | Lair:2   | Reached XP level 12. HP: 91/91 MP: 21/24
 19362 | Lair:2   | Killed a queen ant
 19672 | Lair:2   | Killed a six-headed hydra
 19798 | Lair:3   | Found a staircase to the Snake Pit.
 20970 | Lair:4   | Noticed a six-headed hydra
 21561 | Lair:4   | Found a staircase to the Swamp.
 22199 | Lair:3   | Noticed a catoblepas
 22599 | Lair:4   | Killed a catoblepas
 23369 | Lair:5   | Reached skill level 15 in Polearms
 23392 | Lair:5   | Learned a level 3 spell: Mephitic Cloud
 23396 | Lair:5   | Noticed an eight-headed hydra
 23889 | Lair:5   | Noticed Snorg
 24343 | Lair:6   | Entered Level 6 of the Lair of Beasts
 24349 | Lair:6   | Noticed a five-headed hydra
 24478 | Lair:5   | Reached skill level 16 in Polearms
 24916 | Lair:6   | Found a dark tunnel.
 24933 | Volcano  | Entered a volcano
 25076 | Volcano  | Reached XP level 13. HP: 83/98 MP: 19/25
 25772 | Lair:6   | Reached skill level 17 in Polearms
 26368 | Lair:6   | Reached skill level 18 in Polearms
 27002 | D:3      | Killed confidenceinterval's ghost
 27076 | D:5      | Killed Menkaure
 27243 | D:5      | Killed Grinder
 27413 | D:8      | Bought a scroll of enchant armour for 210 gold pieces
 27413 | D:8      | Bought a scroll of teleportation for 84 gold pieces
 27413 | D:8      | Bought 2 potions of curing for 168 gold pieces
 27446 | Orc:1    | Entered Level 1 of the Orcish Mines
 27446 | Orc:1    | Found a roughly hewn altar of Beogh.
 27703 | D:9      | Reached skill level 19 in Polearms
 28078 | Orc:1    | Found a roughly hewn altar of Beogh.
 28302 | Orc:1    | Reached ***** piety under Makhleb
 28849 | Orc:2    | Entered Level 2 of the Orcish Mines
 28976 | Orc:1    | Reached skill level 20 in Polearms
 29135 | Orc:2    | Noticed an orc warlord
 29147 | Orc:2    | Killed an orc warlord
 29441 | Orc:1    | Noticed an orc warlord
 29884 | Orc:2    | Found a staircase to the Elven Halls.
 29919 | Orc:2    | Upgraded the game from 0.23-a0-839-g6d2b917 to
                  | 0.23-a0-844-gdc03e01
 30480 | Orc:2    | Reached XP level 14. HP: 105/105 MP: 23/26
 31927 | Orc:2    | Found Yfewna's Armour Boutique.
 31928 | Orc:2    | Found Ruchi's Magic Scroll Shop.
 31928 | Orc:2    | Found Tani's Distillery.
 31929 | Orc:2    | Found Gesmis's Food Boutique.
 31938 | Orc:2    | Bought a potion of degeneration for 15 gold pieces
 31940 | Orc:2    | Bought a potion of curing for 45 gold pieces
 31940 | Orc:2    | Bought a potion of cancellation for 120 gold pieces
 31940 | Orc:2    | Bought a potion of curing for 45 gold pieces
 31940 | Orc:2    | Bought a potion of might for 60 gold pieces
 31940 | Orc:2    | Bought a potion of haste for 150 gold pieces
 31940 | Orc:2    | Bought a potion of agility for 60 gold pieces
 31940 | Orc:2    | Bought a potion of agility for 60 gold pieces
 31940 | Orc:2    | Bought a potion of haste for 150 gold pieces
 31945 | Orc:2    | Bought a scroll of enchant weapon for 97 gold pieces
 31945 | Orc:2    | Bought a scroll of identify for 26 gold pieces
 31945 | Orc:2    | Bought a scroll of identify for 26 gold pieces
 31945 | Orc:2    | Bought a scroll of identify for 26 gold pieces
 31945 | Orc:2    | Bought a scroll of enchant weapon for 97 gold pieces
 31945 | Orc:2    | Bought a scroll of identify for 26 gold pieces
 32121 | D:11     | Noticed Grum
 32134 | D:11     | Killed Grum
 32991 | D:13     | Reached skill level 15 in Ice Magic
 33015 | D:13     | Found Oginacox's Gadget Shoppe.
 34527 | D:13     | Reached ****** piety under Makhleb
 34606 | D:14     | Noticed Rupert
 34746 | D:7      | Bought a book of Ice for 780 gold pieces
 34875 | Swamp:1  | Entered Level 1 of the Swamp
 35112 | Swamp:1  | Reached skill level 10 in Fighting
 35134 | Swamp:1  | Reached XP level 15. HP: 55/115 MP: 10/27
 35404 | Swamp:1  | Reached skill level 10 in Dodging
 37515 | Swamp:2  | Reached skill level 1 in Armour
 38788 | Swamp:3  | Noticed a thorn hunter
 39007 | Swamp:3  | Killed a thorn hunter
 39593 | Swamp:3  | Reached skill level 5 in Armour
 39608 | Swamp:3  | Noticed a thorn hunter
 40022 | Swamp:3  | Killed a thorn hunter
 40477 | Swamp:4  | Entered Level 4 of the Swamp
 40552 | Swamp:4  | Noticed Kirke
 40704 | Swamp:3  | Killed Kirke
 41538 | Swamp:4  | Reached XP level 16. HP: 79/127 MP: 11/29
 41769 | Swamp:4  | Noticed a thorn hunter
 41858 | Swamp:4  | Found a runed door.
 41858 | Swamp:4  | Noticed Low Fent's ghost (journeyman TeAE)
 41895 | Swamp:4  | Killed a thorn hunter
 42049 | Swamp:4  | Reached skill level 10 in Spellcasting
 42662 | D:7      | Bought a phantom mirror for 330 gold pieces
 43759 | Swamp:4  | Noticed the 27-headed Lernaean hydra
 43786 | Swamp:4  | HP: 5/131 [seven-headed hydra (2)]
 43794 | Swamp:4  | Killed the 21-headed Lernaean hydra
 43797 | Swamp:4  | Mangled by a seven-headed hydra

Vault maps used:
D:1:      saegor_arrival_simple_d, minmay_vboxes
D:2:      okawaru_ov_weapons_minmay, uniq_terence
D:3:      gammafunk_ghost_arena, minmay_misc_feat_cross, uniq_robin
D:4:      kennysheep_mini, first_ration
D:5:      lemuel_round_altar, uniq_grinder, uniq_menkaure
D:6:      minmay_overflow_temple_star_hex, minmay_temple_entry_overgrown,
          kb_rosetta
D:7:      serial_shops, kennysheep_mini_moat, shop
D:8:      minmay_lair_entry_grove, serial_shops, nicolae_shop_statue_plus,
          minivault_4
D:9:      lemuel_doored_altar, nicolae_ashenzari_panopticon, orc_0_dummy
D:11:     uniq_grum
D:12:     basic_altar, portal_ice_cave_demonic_guard
D:13:     serial_shops, shop, grunt_livestock
D:14:     hangedman_vaults_entry_quadrant_bands, minivault_14, uniq_rupert
Lair:2:   st_stairs_4, zaba_antful_of_joy, serial_bayou_shore_b,
          grunt_megastairs_5, infiniplex_staircase_pool
Lair:3:   dummy_snake_entry, kennysheep_catoblepas_arena
Lair:4:   minmay_swamp_entry_swarm
Lair:5:   grunt_megastairs_4, uniq_snorg
Lair:6:   evil_forest, minmay_slime_entry_oklob_enclosed, enter_volcano_3,
          serial_bayou_shore_a, lemuel_fruit_tree
Swamp:1:  evilmike_swamp_ruin_house_4
Swamp:2:  nicolae_swamp_dense_foliage
Swamp:3:  evilmike_swamp_ruin_house_2
Swamp:4:  swamp_old_school, ebering_ghost_inner_flame, uniq_kirke
Orc:1:    cheibrodos_orc_bank, basic_altar, mines1_david
Orc:2:    st_orc_pillars
Volcano:  volcano_overflow

Skill      XL: |  1  2  3  4  5  6  7  8  9 10 11 12 13 14 15 16 |
---------------+-------------------------------------------------+-----
Ice Magic      | 4 5 6 7 8 10 12 13 15 | 15.0
Polearms       | 3 7 12 13 14 16 20 | 20.0
Dodging        | 3 6 9 10 | 10.0
Fighting       | 6 7 8 10 12 14 | 14.0
Spellcasting   | 4 6 8 9 10 | 10.0
Conjurations   | 2 |  2.0
Invocations    | 3 5 |  5.0
Evocations     | 3 4 |  4.1
Armour         | 5 |  5.0
Stealth        | |  2.1

Action                   |  1- 3 |  4- 6 |  7- 9 | 10-12 | 13-15 | 16-18 || total
-------------------------+-------+-------+-------+-------+-------+-------++-------
Melee: Dagger            |     2 |       |       |       |       |       ||     2
       Spear             |       |   141 |   343 |   182 |       |       ||   666
       Trident           |       |       |       |  1079 |     4 |       ||  1083
       Glaive            |       |       |       |       |  1613 |   198 ||  1811
       Tailslap          |       |       |       |       |     7 |     3 ||    10
Throw: Stone             |    52 |    32 |    14 |       |       |       ||    98
       Tomahawk          |       |       |     3 |    14 |    62 |     8 ||    87
       Throwing net      |       |       |     1 |     1 |       |       ||     2
 Cast: Freeze            |    46 |    81 |    97 |    93 |    44 |       ||   361
       Ozocubu's Armour  |       |     6 |    13 |    51 |   125 |    21 ||   216
       Throw Frost       |       |       |     2 |    26 |    29 |     6 ||    63
       Apportation       |       |       |       |     5 |       |       ||     5
       Throw Icicle      |       |       |       |     3 |   113 |    20 ||   136
       Conjure Flame     |       |       |       |       |     3 |       ||     3
Invok: Minor Destruction |       |       |       |     4 |     7 |       ||    11
       Lesser Servant of |       |       |       |    13 |    31 |     7 ||    51
Evoke: Wand              |       |       |     3 |     1 |     2 |       ||     6
       Phantom mirror    |       |       |       |       |       |     1 ||     1
  Use: Scroll            |       |     9 |     6 |    19 |    13 |     2 ||    49
       Potion            |       |     2 |     3 |     3 |     4 |       ||    12
 Stab: Sleeping          |     2 |     3 |     3 |    18 |     3 |     1 ||    30
       Distracted        |       |       |     2 |    10 |    10 |       ||    22
  Eat: Chunk             |     3 |    10 |    12 |    32 |    52 |     2 ||   111
       Ration            |     1 |     2 |     1 |     5 |     5 |     2 ||    16
Armor: Robe              |     6 |    20 |    46 |       |       |       ||    72
       Leather armour    |       |       |    22 |   271 |   370 |    98 ||   761
       Swamp dragon scal |       |       |       |       |     7 |       ||     7
Dodge: Dodged            |    18 |   145 |   215 |   582 |   980 |   162 ||  2102

Table legend:
 A = Non-vault XP
 B = Vault XP
 C = Vault XP percentage of total XP
 D = Non-vault monster count
 E = Vault monster count
 F = Vault count percentage of total count
                 A         B        C        D         E       F
            +---------+---------+-------+---------+---------+-------
      Total |  110703 |   41650 |  27.3 |     613 |     201 |  24.7
            +---------+---------+-------+---------+---------+-------
        D:1 |      24 |      11 |  31.4 |      14 |       6 |  30.0
        D:2 |      62 |      46 |  42.6 |      19 |       6 |  24.0
        D:3 |     177 |    1094 |  86.1 |      26 |      11 |  29.7
        D:4 |     182 |       0 |   0.0 |       9 |       0 |   0.0
        D:5 |     339 |     452 |  57.1 |      14 |       2 |  12.5
        D:6 |     930 |     489 |  34.5 |      29 |       4 |  12.1
        D:7 |     859 |     137 |  13.8 |      19 |       1 |   5.0
        D:8 |    1966 |    1344 |  40.6 |      31 |      11 |  26.2
        D:9 |    2969 |       0 |   0.0 |      27 |       0 |   0.0
       D:10 |    2970 |       0 |   0.0 |      23 |       0 |   0.0
       D:11 |    2823 |     542 |  16.1 |      23 |       4 |  14.8
       D:12 |    3392 |     682 |  16.7 |      16 |       2 |  11.1
       D:13 |   12606 |    1007 |   7.4 |      57 |       5 |   8.1
       D:14 |    2749 |       0 |   0.0 |      13 |       0 |   0.0
     Lair:1 |     690 |       0 |   0.0 |       7 |       0 |   0.0
     Lair:2 |    4086 |    3326 |  44.9 |      18 |      34 |  65.4
     Lair:3 |    2536 |     460 |  15.4 |      14 |       1 |   6.7
     Lair:4 |    2222 |    1684 |  43.1 |      15 |       7 |  31.8
     Lair:5 |    3980 |     389 |   8.9 |      22 |       1 |   4.3
     Lair:6 |    7151 |     390 |   5.2 |      22 |       3 |  12.0
    Swamp:1 |    8363 |       0 |   0.0 |      19 |       0 |   0.0
    Swamp:2 |   17067 |       0 |   0.0 |      31 |       0 |   0.0
    Swamp:3 |   11338 |    1877 |  14.2 |      24 |       2 |   7.7
    Swamp:4 |   13656 |   15499 |  53.2 |      39 |      20 |  33.9
      Orc:1 |    4521 |     657 |  12.7 |      40 |      19 |  32.2
      Orc:2 |    3045 |   10782 |  78.0 |      42 |      59 |  58.4
    Volcano |       0 |     782 | 100.0 |       0 |       3 | 100.0
            +---------+---------+-------+---------+---------+-------
